AoeStats
← MooseMooch

Arabia

509284537Analyzed
1v1 RM · 5d ago on Sep 26, 2026· 32m 8s· 2 players
Game mode
Random Map
Map size
Tiny (2 player)
Population
200
Speed
Normal
Resources
Standard
Victory
Conquest
Starting age
Dark Age
Ending age
Imperial Age
RankedLock teamsTeams togetherTeam positionsShared explorationLock speedFull tech treeHidden civsTurbo modeCheats
Victory
Defeat
🇩🇪 Burmese · Germany
1236
+16
🇦🇷 Goths · Argentina
1243
-16
MooseMooch
7:34 Loom
10:03 Feudal Age
17:59 Wheelbarrow
21:13 Castle Age
19:22 Horse Collar
19:43 Fletching
20:22 Gold Mining
22:21 Heavy Plow
28:17 Bloodlines
28:08 Husbandry
28:10 Padded Archer Armor
34:49 Imperial Age
TE QUIERO DIEGO
8:29 Loom
10:33 Feudal Age
10:43 Man-at-Arms
15:44 Fletching
20:45 Castle Age
19:51 Gold Mining
20:55 Padded Archer Armor
20:48 Double-Bit Axe
24:21 Wheelbarrow
23:58 Bow Saw
24:22 Crossbowman
26:08 Stone Mining
29:25 Leather Archer Armor
31:08 Ballistics
30:59 Bodkin Arrow
30:53 Town Watch
Connection lost

Rejoining the realm…

Still unreachable

The connection could not be restored.

Session expired

The server has moved on; the page needs a fresh start.